 Dungeon Crawl Stone Soup version 0.32-a0-837-g8d3e27d251 (webtiles) character file.

Game seed: 14062273013577204806

76885 Ajdolov the Tortoise (level 15, -2/118 HPs)
             Began as an Armataur Gladiator on Mar 26, 2024.
             Was the Champion of Hepliaklqana.
             Incinerated by a deep elf pyromancer (8 damage)
             ... with a pyre arrow
             ... on level 13 of the Dungeon.
             The game lasted 00:43:17 (20149 turns).

Ajdolov the Tortoise (Armataur Gladiator)          Turns: 20149, Time: 00:43:17

Health: -2/118     AC: 31    Str: 32    XL:     15   Next: 13%
Magic:  22/22      EV:  4    Int:  9    God:    Hepliaklqana [******]
Gold:   2080       SH:  0    Dex: 18    Spells: 14/14 levels left

rFire   . . .        C - +3 morningstar
rCold   . . .        (no shield)
rNeg    . . .        K - +2 plate armour {Will+}
rPois   .            A - +2 helmet "Forget-Me-Not" {Dex+3}
rElec   +            W - +0 cloak
rCorr   .            G - +0 pair of gloves
SInv    .            r - +1 barding of the Fortifying Gods {Dex+3 Slay+3}
Will    +++++        V - amulet of Usedanat {^Fragile rElec Will+++ RegenMP+} Stlth
                     i - +6 ring of strength
HPRegen 0.39/turn    w - ring of flight
MPRegen 0.58/turn

%: roll
@: on fire, flying, glowing
A: reduced essence, large, deformed body, tough skin 3, armoured tail, rollpage
2
a: Renounce Religion, Recall Ancestor, Ancestor Identity, Transference, Idealise


You were on level 13 of the Dungeon.
You worshipped Hepliaklqana.
Hepliaklqana was exalted by your worship.
You visited 3 branches of the dungeon, and saw 19 of its levels.
You also visited: Gauntlet.

You collected 3126 gold pieces.
You spent 1046 gold pieces at shops.

Inventory:

Hand Weapons
 C - a +3 morningstar (weapon)
 R - a -1 demon whip of venom
Missiles
 d - 5 throwing nets
 e - 7 javelins
 l - 17 boomerangs (quivered)
 I - 14 curare-tipped darts
Armour
 r - the +1 barding of the Fortifying Gods (worn) {Dex+3 Slay+3}
   (You acquired it on level 6 of the Dungeon)

   Dex+3:     It affects your dexterity (+3).
   Slay+3:    It affects your accuracy & damage with ranged weapons and melee
   (+3).
 A - the +2 helmet "Forget-Me-Not" (worn) {Dex+3}
   (You found it on level 4 of the Dungeon)

   Dex+3:     It affects your dexterity (+3).
 E - a +0 buckler
 G - a +0 pair of gloves (worn)
 K - a +2 plate armour of willpower (worn)
 W - a +0 cloak (worn)
Jewellery
 i - a +6 ring of strength (left hand)
 w - a ring of flight (right hand)
 H - a ring of fire
 L - a ring of ice
 V - the amulet of Usedanat (around neck) {^Fragile rElec Will+++ RegenMP+}
   (You found it in a Gauntlet)

   [amulet of magic regeneration]

   It increases your rate of magic regeneration.
   rElec:     It insulates you from electricity.
   Will+++:   It greatly increases your willpower.
   ^Fragile:  It will be destroyed if unequipped.
   RegenMP+:  It increases your rate of magic regeneration.
 Z - the ring of Shadows {Umbra +Inv Stlth+}
   (You took it off a meliai on level 12 of the Dungeon)

   [ring of stealth]

   Umbra:     It surrounds you with an aura of shadow, increasing your stealth
   and reducing the accuracy of all others within it.
   +Inv:      It lets you turn invisible.
   Stlth+:    It makes you more stealthy.
Wands
 c - a wand of flame (25)
 y - a wand of roots (23)
 F - a wand of paralysis (19)
 N - a wand of polymorph (22)
 Q - a wand of digging (2)
 X - a wand of mindburst (3)
 Y - a wand of quicksilver (1)
Scrolls
 f - 7 scrolls of fear
 g - 4 scrolls of blinking
 h - 3 scrolls of noise
 j - 2 scrolls of torment
 k - 3 scrolls of enchant weapon
 m - a scroll of enchant armour
 t - 11 scrolls of teleportation
 u - 5 scrolls of revelation
 z - 2 scrolls of poison
 B - 3 scrolls of amnesia
 J - a scroll of immolation
 O - 2 scrolls of brand weapon
 P - a scroll of butterflies
 S - a scroll of silence {unknown}
 U - 5 scrolls of vulnerability
Potions
 a - 3 potions of brilliance
 b - 3 potions of lignification
 n - 6 potions of mutation
 o - 4 potions of cancellation
 p - 3 potions of enlightenment
 q - a potion of haste
 s - a potion of ambrosia
 v - 3 potions of magic
 x - 2 potions of attraction
 D - 5 potions of curing
 M - 3 potions of heal wounds
Miscellaneous
 T - a phial of floods


   Skills:
 + Level 11.8 Fighting
 * Level 14.6 Maces & Flails
 - Level 1.7 Throwing
 - Level 15.0 Armour
 - Level 2.1 Dodging
 - Level 10.0 Invocations
 - Level 10.0 Evocations


You had 14 spell levels left.
You didn't know any spells.
Your spell library contained the following spells:

 Spells                   Type           Power      Damage    Failure   Level
 Sting                    Conj/Alch      0%         1d3       89%         1
 Ensorcelled Hibernation  Hex/Ice        0%         N/A       96%         2
 Jinxbite                 Hex            0%         N/A       96%         2
 Mercury Vapours          Alch/Air       0%         N/A       96%         2
 Call Canine Familiar     Summ           0%         N/A       99%         3
 Fugue of the Fallen      Necr           0%         N/A       99%         3
 Sigil of Binding         Hex            0%         N/A       99%         3
 Anguish                  Hex/Necr       0%         N/A       100%        4
 Dimensional Bullseye     Hex/Tloc       0%         N/A       100%        4
 Olgreb's Toxic Radiance  Alch           0%         N/A       100%        4
 Alistair's Intoxication  Alch           0%         N/A       100%        5
 Borgnjor's Vile Clutch   Necr/Erth      0%         N/A       100%        5
 Yara's Violent Unravell  Hex/Alch       0%         3d3       100%        5
 Eringya's Noxious Bog    Alch           0%         4d6       100%        6
 Enfeeble                 Hex            0%         N/A       100%        7
 Ozocubu's Refrigeration  Ice            0%         4d7       100%        7
 Discord                  Hex            0%         N/A       100%        8


Dungeon Overview and Level Annotations

Branches:
Dungeon (13/15)            Temple (0/1) D:5            Lair (4/5) D:8
 Shoals (0/4) Lair:2        Snake (0/4) Lair:3        Slime (0/5) Lair:4
    Orc (2/2) D:11            Elf (0/3) Orc:2       Gauntlet (visited)
 Vaults: D:13-14

Altars:
Ashenzari
Elyvilon
Fedhas
Hepliaklqana
Makhleb
Qazlal
Ru
Trog
Xom
Jiyva

Shops:
D:4 ?   Orc:2 *=[=(

Annotations:
D:3 3 runed translucent doors, HourglassMan's ghost, amateur MfAl
D:11 2 transporters, anet's ghost, journeyman DjHW
Orc:2 1 runed translucent door, hattey's ghost, journeyman HuWn


Innate Abilities, Weirdness & Mutations

Your life essence is reduced to manifest your ancestor. (-10% HP)
Armour fits poorly on your strangely shaped body.
You have extremely tough skin. (AC +3)
You have a long armoured tail.
You regenerate magic and health when rolling toward enemies. (Rampage Regen)


Message History

Unknown command.
You barely miss the centaur warrior.
The centaur warrior is severely wounded.
The centaur warrior hits you but does no damage.
The centaur warrior kicks you but does no damage.
You bludgeon the centaur warrior!!
The centaur warrior is almost dead.
The centaur warrior hits you but does no damage.
The centaur warrior kicks you but does no damage.
The deep elf pyromancer hits you but does no damage.
You impale the centaur warrior!!
You kill the centaur warrior!
The deep elf pyromancer gestures wildly while chanting.
The deep elf pyromancer blinks!
The boulder beetle bites you but does no damage.
Aiming: Paralyse
Press: ? - help, Shift-Dir - straight line, f - boulder beetle
Aim: a boulder beetle (chance to affect: 54%)
The boulder beetle resists with significant effort.
The boulder beetle bites you!
* * * LOW HITPOINT WARNING * * *
Unknown command.
Aiming: Paralyse
Press: ? - help, Shift-Dir - straight line, f/p - boulder beetle
Aim: a boulder beetle (chance to affect: 54%)
The boulder beetle suddenly stops moving!
The deep elf pyromancer gestures at you while chanting.
The pyre arrow hits you.
You are covered in intense liquid fire!
The helpless boulder beetle fails to defend itself.
You bludgeon the boulder beetle!!
The boulder beetle is heavily wounded.
The liquid fire burns you!
* * * LOW HITPOINT WARNING * * *
The deep elf pyromancer casts a spell.
The deep elf pyromancer blinks!
You shake off some of the fire as you move.
The liquid fire burns you!
You die...
Hepliaklqana delivers you to your ancestors.

#... #..........# #...
#..........# .# #..#
#..........# .# #..#
#..........## .# #..#
#............ .#
#..######..........# .#
#..................#
.###..........B.@....?#
.).....#####...######.#
.......# #...# #####z.#
#...# # #..# #..ยง# #
#.c# #...# # #..# #...#
# #..# #..e# # #..#
#...#


You could see a boulder beetle (paralysed).

Vanquished Creatures
  Gastronok (Lair:3)
  The ghost of Hoory the Martial Artist, a journeyman GnSh of Yredelemnul (Lair:4)
  A minotaur (Gauntlet)
  Erolcha (D:11)
  A hydra (Lair:2)
  4 two-headed ogres
  2 centaur warriors (D:13)
  A hell hog (Gauntlet)
  3 boulder beetles
  2 orc high priests (Orc:2)
  3 deep elf pyromancers
  2 orc knights (Orc:2)
  2 obsidian bats (Orc:1)
  4 orc sorcerers
  3 ugly things
  2 cyclopes
  4 manticores
  Maurice (Orc:2)
  11 elephants
  2 meliai (D:12)
  2 black mambas
  A moth of wrath (Gauntlet)
  4 gargoyles
  8 cane toads
  An orange demon (D:10)
  An unseen horror (D:12)
  5 rime drakes
  A kobold demonologist (D:12)
  Jeremiah (D:8)
  5 komodo dragons
  A minotaur zombie (Gauntlet)
  2 ice devils (D:11)
  2 red devils (Orc:1)
  A freezing wraith (D:9)
  7 trolls
  2 polar bears
  A hornet (D:9)
  A wind drake (Lair:2)
  13 blink frogs
  9 dream sheep
  7 slime creatures
  28 yaks
  A spriggan (shapeshifter) (D:9)
  4 shadows
  Grum (D:9)
  3 fire bats (Gauntlet)
  4 wraiths (D:12)
  4 wyverns
  6 basilisks
  5 wargs
  Menkaure (D:5)
  A steam dragon (D:6)
  5 vampire mosquitoes
  2 acid dragons
  2 hell hounds (Gauntlet)
  11 water moccasins
  Duvessa (D:4)
  12 orc warriors
  A black bear (D:7)
  3 ice beasts
  8 centaurs
  6 ogres
  22 wolves
  A phantom (D:4)
  6 kobold brigands
  2 scorpions
  9 bullfrogs
  3 gnoll sergeants (D:8)
  8 wights
  Dowan (D:4)
  2 killer bees (D:9)
  3 electric eels
  4 howler monkeys
  3 hounds
  7 orc priests
  A jelly (D:8)
  An iguana (D:5)
  13 orc wizards
  Robin (D:3)
  10 gnolls
  6 adders
  3 shadow imps
  4 ufetubi (D:6)
  A dart slug (D:1)
  2 ribbon worms (D:3)
  43 orcs
  5 bats
  3 endoplasms
  4 giant cockroaches
  11 goblins
  4 hobgoblins
  4 jackals (D:3)
  6 quokkas
  5 ball pythons
  4 frilled lizards
  15 kobolds
  3 rats
455 creatures vanquished.

Vanquished Creatures (collateral kills)
  An orc warlord (Orc:2)
  Josephine (D:13)
  A two-headed ogre (D:12)
  4 boulder beetles
  3 orc high priests (Orc:2)
  Amaemon (D:9)
  Sonja (D:11)
  A deep elf pyromancer (D:13)
  2 orc knights
  A cyclops (D:13)
  3 elephants (Lair:1)
  A black mamba (Lair:4)
  An ice statue (D:12)
  2 gargoyles (D:12)
  A komodo dragon (D:8)
  A troll (D:12)
  A red devil (Orc:1)
  2 polar bears
  2 blink frogs
  2 dream sheep
  3 slime creatures (D:13)
  A wraith (D:12)
  2 shadows
  2 basilisks
  4 yaks
  A vampire mosquito (D:12)
  4 water moccasins
  An acid dragon (D:10)
  2 ice beasts
  7 orc warriors
  A black bear (D:4)
  10 wolves
  An ogre (Orc:2)
  A centaur (D:12)
  3 bullfrogs
  A scorpion (D:4)
  6 wights
  3 howler monkeys
  3 orc priests
  3 orc wizards
  An adder (D:6)
  A white imp (D:6)
  30 orcs
  An endoplasm (D:4)
  5 goblins (D:3)
  9 kobolds
  A quokka (D:4)
139 creatures vanquished.

Vanquished Creatures (others)
  An unseen horror (D:13)
  19 battlemagi
  2 ancestors
22 creatures vanquished.

Grand Total: 616 creatures vanquished

Notes
Turn   | Place    | Note
-------+----------+-------------------------------------------
     0 | D:1      | Ajdolov the Armataur Gladiator began the quest for the Orb.
     0 | D:1      | Reached XP level 1. HP: 17/17 MP: 1/1
   314 | D:1      | Reached XP level 2. HP: 19/25 MP: 2/2
  1039 | D:2      | Found a hazy altar of Hepliaklqana.
  1056 | D:2      | Became a worshipper of Hepliaklqana the Forgotten
  1166 | D:2      | Reached XP level 3. HP: 31/31 MP: 3/3
  1712 | D:3      | Reached XP level 4. HP: 27/40 MP: 4/4
  1859 | D:3      | Reached * piety under Hepliaklqana
  1866 | D:3      | Noticed Robin
  1885 | D:3      | Killed Robin
  1963 | D:3      | Reached XP level 5. HP: 30/42 MP: 5/5
  2274 | D:3      | Found a runed translucent gate.
  2274 | D:3      | Found a runed translucent gate.
  2275 | D:3      | Found a runed translucent gate.
  2277 | D:3      | Noticed HourglassMan's ghost (amateur MfAl)
  2601 | D:4      | Noticed a black bear
  2608 | D:4      | Killed a black bear
  2609 | D:4      | Reached skill level 5 in Fighting
  2618 | D:4      | Identified the +2 helmet "Forget-Me-Not" {Dex+3}
  2762 | D:4      | Noticed Duvessa
  2762 | D:4      | Noticed Dowan
  2822 | D:4      | Killed Duvessa
  2823 | D:4      | Reached XP level 6. HP: 43/50 MP: 6/6
  2828 | D:4      | Killed Dowan
  3056 | D:4      | Reached skill level 5 in Maces & Flails
  3133 | D:4      | Found Jiaqavve's Magic Scroll Boutique.
  3143 | D:4      | Bought 2 scrolls of identify for 48 gold pieces
  3143 | D:4      | Bought a scroll of teleportation for 36 gold pieces
  3143 | D:4      | Bought a scroll of teleportation for 36 gold pieces
  3212 | D:4      | Reached ** piety under Hepliaklqana
  3213 | D:4      | Remembered your ancestor Olypp as a battlemage
  3222 | D:4      | Gained mutation: You regenerate magic and health when
                  | rolling toward enemies. (Rampage Regen) [Armataur growth]
  3222 | D:4      | Reached XP level 7. HP: 49/54 MP: 7/7
  3287 | D:4      | Found a white marble altar of Elyvilon.
  3446 | D:4      | Found a blossoming altar of Fedhas.
  3536 | D:5      | Entered Level 5 of the Dungeon
  3777 | D:5      | Noticed Menkaure
  3784 | D:5      | Killed Menkaure
  3865 | D:5      | Found a staircase to the Ecumenical Temple.
  4480 | D:6      | HP: 2/54 [poisoned by a centaur (curare-tipped dart)]
  4590 | D:6      | Reached XP level 8. HP: 41/61 MP: 8/8
  4960 | D:6      | Reached *** piety under Hepliaklqana
  5195 | D:6      | Found a stormy altar of Qazlal.
  5396 | D:6      | Identified a scroll of acquirement
  5399 | D:6      | Acquired the +1 barding of the Fortifying Gods {Dex+3
                  | Slay+3}
  5457 | D:7      | Reached skill level 1 in Invocations
  5479 | D:7      | Noticed a manticore
  5645 | D:7      | Reached skill level 10 in Maces & Flails
  5645 | D:7      | Reached XP level 9. HP: 66/66 MP: 8/10
  5653 | D:7      | Killed a manticore
  5654 | D:7      | Reached skill level 2 in Armour
  5997 | D:7      | Reached skill level 3 in Armour
  6304 | D:7      | Reached skill level 5 in Invocations
  6369 | D:7      | Reached skill level 4 in Armour
  6577 | D:8      | Reached skill level 5 in Armour
  6645 | D:8      | Found a bloodstained altar of Trog.
  6879 | D:8      | Noticed Jeremiah
  6884 | D:8      | Killed Jeremiah
  6885 | D:8      | Reached XP level 10. HP: 60/72 MP: 15/15
  6927 | D:8      | Reached **** piety under Hepliaklqana
  6987 | D:8      | Found a staircase to the Lair.
  6999 | D:8      | Reached skill level 6 in Armour
  7087 | D:8      | Noticed a two-headed ogre
  7091 | D:8      | Killed a two-headed ogre
  7589 | D:9      | Noticed Grum
  7598 | D:9      | Reached skill level 7 in Armour
  7683 | D:9      | Killed Grum
  7692 | D:9      | Found a sacrificial altar of Ru.
  7693 | D:9      | Found a hazy altar of Hepliaklqana.
  7981 | D:9      | Noticed a two-headed ogre
  7986 | D:9      | Killed a two-headed ogre
  8028 | D:9      | Reached skill level 8 in Armour
  8063 | D:9      | Reached skill level 10 in Invocations
  8077 | D:9      | Reached XP level 11. HP: 61/77 MP: 18/18
  8079 | D:9      | Reached skill level 9 in Armour
  8136 | D:9      | Noticed a white ugly thing
  8140 | D:9      | Noticed a two-headed ogre
  8152 | D:9      | Killed a two-headed ogre
  8153 | D:9      | Reached skill level 10 in Armour
  8166 | D:9      | Killed a white ugly thing
  8577 | D:9      | Reached skill level 1 in Evocations
  8650 | D:9      | Noticed an orc knight
  8676 | D:9      | Killed an orc knight
  8923 | D:10     | Entered Level 10 of the Dungeon
  8924 | D:10     | Noticed Amaemon
  8997 | D:10     | Identified the +1 leather armour "Dafiodab" {rF- Dex+4
                  | Slay+5}
  9071 | D:9      | Killed Amaemon
  9555 | D:11     | Found a gate leading to a gauntlet.
  9560 | Gauntlet | Entered a Gauntlet
  9560 | Gauntlet | Found a transporter.
  9560 | Gauntlet | Found a transporter.
  9562 | Gauntlet | Found a transporter.
  9562 | Gauntlet | Found a transporter.
  9562 | Gauntlet | Noticed an oklob plant
  9565 | Gauntlet | Found a transporter.
  9606 | Gauntlet | Found a transporter.
  9606 | Gauntlet | Found a transporter.
  9606 | Gauntlet | Found a transporter.
  9608 | Gauntlet | Noticed a fire crab
  9610 | Gauntlet | Noticed a green death
  9618 | Gauntlet | Found a transporter.
  9635 | Gauntlet | Found a runed translucent door.
  9636 | Gauntlet | Found a transporter.
  9638 | Gauntlet | Found a runed translucent door.
  9645 | Gauntlet | Noticed a hell hog
  9646 | Gauntlet | Found a transporter.
  9660 | Gauntlet | Found a transporter.
  9680 | Gauntlet | Found a transporter.
  9692 | Gauntlet | Found a transporter.
  9925 | Gauntlet | Killed a hell hog
  9926 | Gauntlet | Reached skill level 5 in Evocations
  9926 | Gauntlet | Reached XP level 12. HP: 19/84 MP: 19/19
  9945 | Gauntlet | Identified the amulet of Usedanat {^Fragile rElec Will+++
                  | RegenMP+}
  9949 | Gauntlet | Identified the dragon-blood talisman of Lomos {rF++ Stlth+}
  9995 | Gauntlet | Noticed a minotaur
 10000 | Gauntlet | Killed a minotaur
 10171 | D:11     | Found a broken altar of Ashenzari.
 10204 | D:11     | Found a staircase to the Orcish Mines.
 10227 | D:11     | Reached ***** piety under Hepliaklqana
 10241 | D:11     | Noticed Sonja
 10483 | D:11     | Killed Sonja
 10548 | D:11     | Noticed a boulder beetle
 10551 | D:11     | Noticed anet's ghost (journeyman DjHW)
 10605 | D:11     | Found a transporter.
 10607 | D:11     | Noticed Erolcha
 10608 | D:11     | Found a transporter.
 10612 | D:11     | Killed Erolcha
 11024 | D:11     | a lindwurm changed into a two-headed ogre
 11024 | D:11     | Noticed a two-headed ogre (glowing shapeshifter)
 11029 | D:11     | a two-headed ogre changed into a deep troll
 11102 | D:11     | a swamp worm changed into a two-headed ogre
 11102 | D:11     | Noticed a two-headed ogre (glowing shapeshifter)
 11109 | D:11     | a two-headed ogre changed into a steelbarb worm
 11194 | Lair:1   | Entered Level 1 of the Lair of Beasts
 11440 | Lair:1   | Reached XP level 13. HP: 81/90 MP: 20/20
 12092 | Lair:2   | Reached skill level 10 in Evocations
 12466 | Lair:2   | Found a staircase to the Shoals.
 12557 | Lair:2   | Identified the +1 robe of the Mantidfly {rPois Dex+4}
 12946 | Lair:3   | Reached skill level 11 in Armour
 12990 | Lair:3   | Reached ****** piety under Hepliaklqana
 13185 | Lair:3   | Noticed Gastronok
 13194 | Lair:3   | Killed Gastronok
 13245 | Lair:3   | Reached skill level 12 in Armour
 13377 | Lair:3   | Found a staircase to the Snake Pit.
 14353 | Lair:4   | Found a runed translucent door.
 14354 | Lair:4   | Found a shimmering altar of Xom.
 14354 | Lair:4   | Noticed Hoory's ghost (journeyman GnSh)
 14354 | Lair:4   | Identified the +6 battleaxe "Orb Guardian's Bane" {chaos,
                  | Dex+7}
 14760 | Lair:4   | Found a viscous altar of Jiyva.
 14760 | Lair:4   | Found a staircase to the Slime Pits.
 14801 | Lair:4   | Reached skill level 13 in Armour
 14801 | Lair:4   | Reached XP level 14. HP: 96/104 MP: 21/21
 15280 | Lair:4   | Killed Hoory's ghost
 15551 | Orc:1    | Entered Level 1 of the Orcish Mines
 15974 | Orc:2    | Entered Level 2 of the Orcish Mines
 15977 | Orc:2    | Found Rujomur's General Store.
 15996 | Orc:2    | Found Rublik's Jewellery Shoppe.
 16012 | Orc:2    | Bought a scroll of blinking for 120 gold pieces
 16025 | Orc:2    | Noticed an orc warlord
 16027 | Orc:2    | Found Etyel's Jewellery Emporium.
 16109 | Orc:2    | Found a burning altar of Makhleb.
 16112 | Orc:2    | Found a staircase to the Elven Halls.
 16466 | Orc:1    | Reached skill level 14 in Armour
 16720 | Orc:2    | Killed an orc warlord
 17084 | Orc:2    | Found Buniroj's Antique Armour Shop.
 17197 | Orc:2    | Noticed Maurice
 17208 | Orc:2    | Something stole a ring of fire
 17213 | Orc:2    | Killed Maurice
 17417 | Orc:2    | Found Unlaenn's Antique Weapon Boutique.
 17421 | Orc:2    | Reached skill level 10 in Fighting
 17447 | Orc:2    | Found a runed translucent door.
 17453 | Orc:2    | Noticed hattey's ghost (journeyman HuWn)
 17634 | Orc:2    | Acquired 962 gold pieces
 17660 | Orc:2    | Bought a shiny plate armour for 806 gold pieces
 17726 | D:12     | Reached skill level 15 in Armour
 19170 | D:13     | Noticed Josephine
 19246 | D:12     | Reached XP level 15. HP: 116/117 MP: 22/22
 19355 | D:13     | Killed Josephine
 20149 | D:13     | Incinerated by a deep elf pyromancer

Illustrated notes

Levels and vault maps discovered:
D:1:      minmay_arrival_open_corners, layout_basic
D:2:      layout_loops_ring, basic_altar
D:3:      layout_loops_cross, ebering_ghost_rock_garden,
          hangedman_feature_mirror, kennysheep_nub, uniq_robin
D:4:      layout_basic, elyvilon_altar_3, fedhas_altar_4, serial_shops, shop,
          uniq_duvessa
D:5:      layout_gridville, minmay_temple_entry_antechambers, uniq_menkaure
D:6:      layout_loops_ring, nicolae_qazlal_scattered_showers,
          minmay_misc_feat_nine_boxes
D:7:      layout_basic, st_stairs_3
D:8:      nicolae_cairo_tiling_large, layout_basic, old_standard_altar,
          david_lair_shrubbed, nicolae_grassy_gnolls, uniq_jeremiah
D:9:      minmay_the_grid_3x2 [minmay_the_grid_minigrid_small,
          minmay_the_grid_gridbox, minmay_the_grid_armoury,
          minmay_the_grid_expand, minmay_the_grid_aliased_spiral,
          minmay_the_grid_prize_big_room], layout_loops_corners,
          nicolae_overflow_squiral, special_room [special_room_orc], uniq_grum
D:10:     layout_rooms, kennysheep_generic_room_3, uniq_amaemon
D:11:     layout_small_grid, minmay_orc_entry_guard_dogs,
          gauntlet_entry_generic, gammafunk_ghost_arena,
          portal_ice_cave_demonic_guard, nicolae_ashenzari_skybound, uniq_sonja,
          uniq_erolcha
D:12:     minmay_distorted_concentric_squares, layout_long_grid, nzn_random_ring
D:13:     layout_long_grid, minmay_misc_feat_tiny, minivault_28, uniq_frances,
          uniq_josephine
Lair:1:   layout_chaotic_city
Lair:2:   layout_chaotic_city, minmay_shoals_entry_beasts, grunt_megastairs_1,
          lemuel_fruit_fields
Lair:3:   layout_roguey, dummy_snake_entry, nicolae_quartered_pool_medium,
          uniq_gastronok
Lair:4:   layout_cave_pods, dpeg_slime_entry_enclosed, ebering_ghost_xom
Orc:1:    layout_caves, einodemon_armed_red_devil_minivault
Orc:2:    grunt_orc_gardens, layout_caves, grunt_orc_garden, grunt_orc_garden,
          grunt_orc_garden, grunt_orc_garden, ebering_ghost_reflecting_pool,
          serial_shops, shop, nicolae_orc_bridge_out, bloody_makhleb,
          uniq_maurice

Skill      XL: |  1  2  3  4  5  6  7  8  9 10 11 12 13 14 |
---------------+-------------------------------------------+-----
Fighting       | 2 3 4 5 8 11 | 11.8
Maces & Flails | 4 5 7 10 12 14 | 14.6
Invocations    | 1 7 10 | 10.0
Armour         | 5 8 10 13 15 | 15.0
Evocations     | 5 8 10 | 10.0
Throwing       | |  1.7
Dodging        | |  2.1

Action                     |  1- 3 |  4- 6 |  7- 9 | 10-12 | 13-15 || total
---------------------------+-------+-------+-------+-------+-------++-------
  Melee: Flail             |    89 |    94 |    15 |       |       ||   198
         Tailslap          |     9 |    10 |    22 |    65 |   113 ||   219
         Morningstar       |       |       |    18 |       |   132 ||   150
         Dire flail        |       |       |   119 |   418 |   536 ||  1073
  Throw: Throwing net      |       |     2 |       |       |       ||     2
         Dart              |       |       |       |       |     2 ||     2
 Invoke: Ancestor Life: Ba |       |     1 |       |       |       ||     1
         Recall Ancestor   |       |       |     1 |     3 |     4 ||     8
         Idealise          |       |       |       |       |     1 ||     1
  Evoke: Wand              |       |       |       |    10 |     8 ||    18
    Use: Scroll            |       |     5 |     5 |    12 |    10 ||    32
         Potion            |       |       |       |     2 |     3 ||     5
   Stab: Distracted        |       |       |     4 |     2 |     9 ||    15
         Sleeping          |       |       |     1 |     1 |       ||     2
         Paralysed         |       |       |       |     3 |     1 ||     4
 Armour: Leather armour    |    10 |       |       |       |       ||    10
         Ring mail         |    53 |    89 |    31 |       |       ||   173
         Steam dragon scal |       |       |    94 |    15 |       ||   109
         Plate armour      |       |       |       |   431 |   726 ||  1157
  Dodge: Dodged            |    38 |    46 |    68 |    76 |   124 ||   352

Table legend: (Time is in decaauts)
 A = Elapsed time spent in this place.
 B = Non-inter-level travel time spent in this place.
 C = Inter-level travel time spent in this place.
 D = Time resting spent in this place.
 E = Time spent auto-exploring this place.
 F = Levels seen in this place.
 G = Mean time per level.
                   A        B        C        D        E       F      G
               +--------+--------+--------+--------+--------+-----+--------+
         Total |  19876 |  18992 |    884 |   2307 |  12894 |  20 |  993.8 |
       Dungeon |  13091 |  12487 |    604 |   1447 |   8585 |  13 | 1007.0 |
          Lair |   4122 |   3947 |    175 |    133 |   3195 |   4 | 1030.5 |
  Orcish Mines |   2106 |   2002 |    104 |    600 |   1052 |   2 | 1053.0 |
      Gauntlet |    556 |    556 |      0 |    126 |     62 |   1 |  556.0 |
               +--------+--------+--------+--------+--------+-----+--------+

Top non-repeatable levels by time:
     D:9: 1676 daAuts
    D:12: 1586 daAuts
     D:6: 1230 daAuts
  Lair:4: 1226 daAuts
   Orc:1: 1186 daAuts
  Lair:3: 1137 daAuts
     D:1: 1050 daAuts
  Lair:2: 988 daAuts
     D:4: 985 daAuts
   Orc:2: 919 daAuts
     D:5: 900 daAuts
     D:7: 880 daAuts
     D:3: 877 daAuts
    D:11: 840 daAuts
     D:8: 831 daAuts
